 Dungeon Crawl Stone Soup version 0.23.0 (webtiles) character file.

Game seed: 18257715059325351596

2819 Azzok the Cleaver (level 9, -2/70 HPs)
             Began as a Minotaur Fighter on Feb 11, 2019.
             Was an Initiate of Okawaru.
             Slain by a killer bee zombie (4 damage)
             ... on level 7 of the Dungeon.
             The game lasted 00:10:40 (7661 turns).

Azzok the Cleaver (Minotaur Fighter)                Turns: 7661, Time: 00:10:41

Health: -2/70      AC: 11    Str: 24    XL:     9   Next: 45%
Magic:  9/9        EV:  4    Int:  5    God:    Okawaru [......]
Gold:   297        SH:  9    Dex: 10    Spells: 8/8 levels left

rFire    . . .     SeeInvis .   a - +0 war axe
rCold    + . .     Gourm    .   c - +0 shield
rNeg     + . .     Faith    .   l - +0 plate armour
rPois    .         Spirit   .   (helmet restricted)
rElec    .         Reflect  .   (no cloak)
rCorr    .         Harm     .   (no gloves)
MR       .....                  (no boots)
Stlth    ..........             (no amulet)
HPRegen  0.21/turn              p - ring of positive energy
MPRegen  0.11/turn              m - ring of protection from cold

@: lethally poisoned (-2 -> -35), flying
A: retaliatory headbutt, horns 2
a: Renounce Religion


You were on level 7 of the Dungeon.
You worshipped Okawaru.
Okawaru was noncommittal.
You were not hungry.

You visited 2 branches of the dungeon, and saw 8 of its levels.

You collected 297 gold pieces.

Inventory:

Hand Weapons
 a - a +0 war axe (weapon)
 d - a +6 flail of protection
 t - a +0 dagger of electrocution
Armour
 c - a +0 shield (worn)
 l - a +0 plate armour (worn)
Jewellery
 m - a ring of protection from cold (right hand)
 p - a ring of positive energy (left hand)
Wands
 q - a wand of enslavement (9)
Scrolls
 b - a scroll of blinking {unknown}
 e - 5 scrolls of remove curse
 g - 2 scrolls of enchant weapon {unknown}
 h - 4 scrolls of teleportation {unknown}
 k - 2 scrolls of random uselessness {unknown}
 o - 2 scrolls of enchant armour {unknown}
 v - a scroll of amnesia {unknown}
 y - a scroll of noise {unknown}
Potions
 i - a potion of lignification
 j - 2 potions of agility
 n - a potion of brilliance {unknown}
 r - a potion of magic {unknown}
 s - a potion of flight
 u - 2 potions of berserk rage {unknown}
 x - a potion of invisibility {unknown}
 z - a potion of haste
 A - a potion of cancellation
Comestibles
 f - 13 rations
 w - a chunk of flesh


   Skills:
 - Level 3.6 Fighting
 + Level 14.5 Axes
 - Level 3.6 Armour
 - Level 3.6 Shields
 + Level 1.7 Invocations
 + Level 1.4 Evocations


You had 8 spell levels left.
You didn't know any spells.
Your spell library contained the following spells:

 Spells                   Type           Power        Failure   Level  Hunger
 Animate Skeleton         Necr           N/A          100%        1    ##.....
 Apportation              Tloc           #.....       100%        1    ##.....
 Beastly Appendage        Tmut           #.....       100%        1    ##.....
 Confusing Touch          Hex            #.....       100%        1    ##.....
 Summon Small Mammal      Summ           #...         100%        1    ##.....
 Sticks to Snakes         Tmut           #.......     100%        2    ###....
 Confuse                  Hex            #.......     100%        3    ####...
 Gell's Gravitas          Tloc           #.........   100%        3    ####...
 Spider Form              Tmut/Pois      #.........   100%        3    ####...
 Ice Form                 Ice/Tmut       #.......     100%        4    #####..
 Petrify                  Tmut/Erth      #.......     100%        4    #####..
 Blade Hands              Tmut           #.........   100%        5    ######.
 Metabolic Englaciation   Hex/Ice        #.........   100%        5    ######.
 Yara's Violent Unravell  Hex/Tmut       #.........   100%        5    ######.


Dungeon Overview and Level Annotations

Branches:
Dungeon (7/15)             Temple (1/1) D:6

Altars:
Ashenzari
Cheibriados
Dithmenos
Fedhas
Gozag
Hepliaklqana
Kikubaaqudgha
Makhleb
Nemelex Xobeh
Okawaru
Ru
Sif Muna
Trog
Uskayaw
Vehumet
Xom
Yredelemnul
Zin
The Shining One


Innate Abilities, Weirdness & Mutations

You reflexively headbutt those who attack you in melee.
You have a pair of horns on your head.


Message History

You kill the killer bee!
Okawaru accepts your kill.
* * * LOW HITPOINT WARNING * * *
You feel sick. The killer bee stings you.
* * * LOW HITPOINT WARNING * * *
You block the killer bee's attack.
You block the killer bee zombie's attack.
You block the killer bee's attack.
It was a potion of flight.
You feel very buoyant.
You fly up into the air.
* * * LOW HITPOINT WARNING * * *
You feel very sick. You block the killer bee's attack.
You block the killer bee zombie's attack.
The killer bee stings you but does no damage.
The killer bee stings you!
* * * LOW HITPOINT WARNING * * *
The killer bee zombie hits you.
You die...

·· ▒÷········▒·······
▒·········▒······▒
▒········▒▒▒····▒▒
▒··▒·····▒▒▒···▒▒
▒▒··▒▒··········▒
···········▒▒▒▒·▒▒
··········▒▒ ▒··▒
·······y···▒▒ ▒··▒▒▒▒▒··
······Z@····▒▒▒▒········
······y▒▒··············▒
······· ▒▒▒···········▒▒
··▒▒··· ▒··········▒▒ ·
▒▒·· ▒▒········▒▒ ▒▒·
▒▒·······▒ ·· ········▒
·· ·▒▒▒▒··▒▒·▒ ▒▒ ▒··▒
▒·


You could see 2 killer bees and a killer bee zombie.

Vanquished Creatures
  Edmund (D:6)
  2 orc warriors (D:6)
  3 phantoms
  3 ogres
  A centaur (D:5)
  A bullfrog (D:6)
  3 scorpions
  2 killer bees (D:7)
  5 wights (D:5)
  A howler monkey (D:6)
  3 crimson imps
  2 centaur zombies
  5 hounds
  6 orc priests
  13 orc wizards
  2 iguanas
  4 worker ants
  2 hound zombies
  A hound skeleton (D:5)
  2 worker ant zombies (D:6)
  A howler monkey skeleton (D:4)
  10 adders
  4 gnolls (D:3)
  An adder zombie (D:5)
  2 worms
  2 dart slugs (D:1)
  7 leopard geckos
  32 orcs
  4 ball pythons
  15 giant cockroaches
  6 hobgoblins
  14 jackals
  2 quokkas
  9 bats
  3 frilled lizards
  5 goblins
  9 kobolds
  A leopard gecko skeleton (D:5)
  A leopard gecko zombie (D:6)
  A quokka zombie (D:4)
  8 rats
199 creatures vanquished.

Vanquished Creatures (others)
  4 toadstools (D:1)
4 creatures vanquished.

Grand Total: 203 creatures vanquished

Notes
Turn   | Place    | Note
-------+----------+-------------------------------------------
     0 | D:1      | Azzok the Minotaur Fighter began the quest for the Orb.
     0 | D:1      | Reached XP level 1. HP: 19/19 MP: 0/0
   131 | D:1      | Reached skill level 3 in Axes
   198 | D:1      | Found a shattered altar of Ashenzari.
   199 | D:1      | Reached XP level 2. HP: 26/26 MP: 1/1
   309 | D:1      | Reached skill level 4 in Axes
   684 | D:1      | Reached XP level 3. HP: 29/31 MP: 2/2
  1228 | D:2      | Reached skill level 5 in Axes
  1258 | D:2      | Noticed an ogre
  1266 | D:2      | Killed an ogre
  1266 | D:2      | Reached skill level 6 in Axes
  1266 | D:2      | Reached XP level 4. HP: 20/39 MP: 3/3
  1266 | D:2      | Reached XP level 5. HP: 23/45 MP: 4/4
  2460 | D:2      | Reached skill level 7 in Axes
  2801 | D:3      | Reached XP level 6. HP: 51/51 MP: 5/5
  2861 | D:3      | Reached skill level 8 in Axes
  2966 | D:3      | Found a hide-covered altar of Uskayaw.
  3774 | D:4      | Reached skill level 9 in Axes
  3861 | D:4      | Reached XP level 7. HP: 56/57 MP: 6/6
  3994 | D:4      | Reached skill level 10 in Axes
  4406 | D:4      | Reached skill level 11 in Axes
  4717 | D:4      | Reached XP level 8. HP: 51/64 MP: 7/7
  4744 | D:4      | HP: 3/64 [poisoned by a scorpion]
  4749 | D:4      | HP: 2/64 [poisoned by a scorpion]
  4756 | D:4      | HP: 1/64 [poisoned by a scorpion]
  4764 | D:4      | HP: 1/64 [poisoned by a scorpion]
  5423 | D:5      | Entered Level 5 of the Dungeon
  5721 | D:5      | Reached skill level 12 in Axes
  6010 | D:5      | Found a shimmering altar of Xom.
  6010 | D:5      | Found a bloodstained altar of Trog.
  6012 | D:5      | Found a burning altar of Makhleb.
  6012 | D:5      | Found an ancient bone altar of Kikubaaqudgha.
  6015 | D:5      | Found an opulent altar of Gozag.
  6124 | D:5      | Reached skill level 13 in Axes
  6444 | D:6      | Reached XP level 9. HP: 47/70 MP: 8/8
  6750 | D:6      | Reached skill level 14 in Axes
  6959 | D:6      | Found a staircase to the Ecumenical Temple.
  6971 | Temple   | Entered the Ecumenical Temple
  7027 | Temple   | Became a worshipper of Warmaster Okawaru
  7171 | D:6      | Noticed Edmund
  7200 | D:6      | Killed Edmund
  7200 | D:6      | Reached skill level 1 in Invocations
  7262 | D:6      | Found a radiant altar of Vehumet.
  7333 | D:6      | Reached skill level 1 in Evocations
  7661 | D:7      | HP: 2/70 [killer bee (7)]
  7661 | D:7      | Slain by a killer bee zombie

Skill      XL: |  1  2  3  4  5  6  7  8  9 |
---------------+----------------------------+-----
Axes           | 3 4 6 7 9 11 13 14 | 14.5
Invocations    | 1 |  1.7
Evocations     | 1 |  1.4
Fighting       | |  3.6
Armour         | |  3.6
Shields        | |  3.6

Action                   |  1- 3 |  4- 6 |  7- 9 || total
-------------------------+-------+-------+-------++-------
Melee: War axe           |    68 |   189 |   318 ||   575
       Headbutt          |    10 |    30 |    49 ||    89
  Use: Potion            |       |       |     2 ||     2
       Scroll            |       |       |     7 ||     7
  Eat: Chunk             |     1 |     9 |     9 ||    19
       Ration            |       |       |     1 ||     1
Armor: Scale mail        |    26 |    75 |    54 ||   155
       Chain mail        |       |       |    40 ||    40
       Plate armour      |       |       |    16 ||    16
Dodge: Dodged            |    17 |    73 |    62 ||   152
Block: Shield            |    32 |   103 |   124 ||   259
